 Dungeon Crawl Stone Soup version 0.19.1-1-g22dce08 (webtiles) character file.

3311 ponk the Unseen (level 9, -6/41 HPs)
             Began as a Spriggan Assassin on Jan 10, 2017.
             Was a Follower of Dithmenos.
             Shot with an arrow by a centaur (10 damage)
             ... on level 7 of the Dungeon on Jan 11, 2017.
             The game lasted 01:07:28 (14270 turns).

ponk the Unseen (Spriggan Assassin)                Turns: 14270, Time: 01:07:29

Health: -6/41      AC:  3    Str:  7    XL:     9   Next: 70%
Magic:  10/10      EV: 17    Int: 13    God:    Dithmenos [*.....]
Gold:   325        SH:  0    Dex: 20    Spells: 0 memorised, 8 levels left

rFire  . . .     SeeInvis +     h - +1 short sword (venom)
rCold  . . .     Gourm    .     c - +0 robe
rNeg   . . .     Faith    .     (shield restricted)
rPois  .         Spirit   .     (helmet restricted)
rElec  .         Reflect  .     d - +0 cloak
rCorr  .         Harm     .     (gloves unavailable)
MR     +....                    (boots unavailable)
Stlth  +++++++++.               (no amulet)
                                (no ring)
                                p - ring of stealth

@: wreathed by umbra, drained, very quick
A: unfitting armour, see invisible, herbivore 3, speed 3, slow metabolism 2
a: Renounce Religion


You were on level 7 of the Dungeon.
You worshipped Dithmenos.
Dithmenos was aware of your devotion.
You were not hungry.

You visited 2 branches of the dungeon, and saw 8 of its levels.

You collected 325 gold pieces.

Inventory:

Hand Weapons
 a - a +2 dagger
 b - a +0 blowgun
 h - a +1 short sword of venom (weapon)
 n - a +0 hunting sling
 r - a +0 short sword of speed
 E - a +2 whip of freezing
Missiles
 e - 4 poisoned needles
 f - 2 curare-tipped needles
 o - 284 stones
 s - 48 sling bullets
 y - 10 tomahawks (quivered)
 N - 4 needles of sleeping
Armour
 c - a +0 robe (worn)
 d - a +0 cloak (worn)
 F - a +0 troll leather armour {Purgy}
Jewellery
 p - a ring of stealth (left hand)
Wands
 k - a wand of enslavement (4/24)
 q - a wand of digging (8/24)
 C - a wand of teleportation (4/9)
Scrolls
 m - a scroll of fog
 t - 2 scrolls of amnesia {unknown}
 v - 2 scrolls of blinking {unknown}
 x - a scroll of fear {unknown}
 z - 4 scrolls of remove curse
 A - 2 scrolls of magic mapping {unknown}
 B - 2 scrolls of noise {unknown}
 D - 3 scrolls of enchant armour {unknown}
 I - 3 scrolls of teleportation
Potions
 j - 3 potions of agility
 u - a potion of heal wounds
 w - a potion of curing {unknown}
 G - a potion of brilliance {unknown}
 H - a potion of degeneration {unknown}
 J - a potion of flight {unknown}
 L - a potion of haste
Comestibles
 g - 5 bread rations
 i - 5 fruits


   Skills:
 - Level 1.5(1.4) Fighting
 - Level 2.1 Short Blades
 - Level 1.2(1.9) Slings
 - Level 2.0 Throwing
 - Level 1.7(1.6) Dodging
 + Level 19.7(19.5) Stealth


You had 8 spell levels left.
You didn't know any spells.

Dungeon Overview and Level Annotations

Branches:
Dungeon (7/15)             Temple (1/1) D:7

Altars:
Ashenzari
Dithmenos
Fedhas
Hepliaklqana
Makhleb
Okawaru
Qazlal
Uskayaw
Xom
Zin
The Shining One

Shops:
D:4 =:?


Innate Abilities, Weirdness & Mutations

You are very small and have problems with some larger weapons.
You are too small for most types of armour.
You have supernaturally acute eyesight. (SInv)
You are a herbivore.
You cover ground extremely quickly.
You need consume almost no food.


Message History

* * * LOW HITPOINT WARNING * * *
You barely miss the centaur.
The centaur is moderately wounded.
The centaur barely misses you.
You hit the centaur but do no damage.
The centaur looks as sick as possible!
The centaur is moderately wounded.
The centaur closely misses you. The centaur hits you!
* * * LOW HITPOINT WARNING * * *
The centaur wields an uncursed shortbow.
The centaur shoots an arrow.
The arrow hits you.
* * * LOW HITPOINT WARNING * * *
The phantom barely misses you.
You see here an arrow.
Zapping:
k - a wand of enslavement {zapped: 3} (will waste charges)
Press: ? - help, Shift-Dir - straight line, f - phantom
Aim: a phantom (umbra, chance to defeat MR: 28%)
The phantom easily resists.
Evoking this partially-identified wand wasted a few charges.
The centaur shoots an arrow.
The arrow hits you!
You die...

#..#........#.##'##
#..#.....####......
#..#..#### #.##.#.
#.....# #.# #.
#..#.## ### ##.#.#
###c#.##
#...W..####..
#..@#.......#
#...#.###########
#...#..........)#
#...#####...###.#
#..(# #...# #.#
#...# #...# #.#
##### #...# #.#
#...# #.# #...#
#.####


You could see a phantom and a centaur.

Vanquished Creatures
  Pikel (D:4)
  Edmund (D:5)
  A sky beast (D:5)
  Purgy (D:3)
  An ice beast (D:6)
  A phantom (D:4)
  5 ogres
  A centaur (D:5)
  A jelly (D:6)
  4 bullfrogs
  A gnoll sergeant (D:6)
  5 scorpions
  A water moccasin skeleton (D:5)
  4 wights
  A howler monkey (D:5)
  5 crimson imps
  2 bullfrog skeletons
  2 hounds
  4 orc wizards
  An iguana (D:5)
  Natasha (thrice) (D:4)
  3 worker ants
  A hound skeleton (D:7)
  Robin (D:2)
  A howler monkey zombie (D:5)
  A worker ant zombie (D:6)
  13 gnolls
  13 adders
  A shadow imp (D:5)
  3 oozes
  An adder zombie (D:7)
  2 adder skeletons
  4 worms
  7 dart slugs
  5 leopard geckos
  15 orcs
  5 giant cockroaches
  15 goblins
  6 hobgoblins
  5 jackals
  3 quokkas
  A ball python (D:2)
  4 bats
  5 frilled lizards
  A jackal zombie (D:5)
  15 kobolds
  A leopard gecko skeleton (D:4)
  7 rats
185 creatures vanquished.

Vanquished Creatures (collateral kills)
  A bullfrog (D:6)
1 creature vanquished.

Vanquished Creatures (others)
  3 slaves (D:4)
  A howler monkey (D:4)
  A hound (D:4)
  An adder (D:4)
  A quokka (D:4)
  A ball python skeleton (D:4)
8 creatures vanquished.

Grand Total: 194 creatures vanquished

Notes
Turn   | Place    | Note
-------+----------+-------------------------------------------
     0 | D:1      | ponk the Spriggan Assassin began the quest for the Orb.
     0 | D:1      | Reached XP level 1. HP: 10/10 MP: 2/2
     0 | D:1      | Noticed a minotaur zombie
     1 | D:1      | Noticed a minotaur zombie
    65 | D:1      | Reached skill level 6 in Stealth
   148 | D:1      | Reached XP level 2. HP: 12/14 MP: 3/3
   432 | D:1      | Reached skill level 7 in Stealth
   666 | D:1      | Reached XP level 3. HP: 18/18 MP: 4/4
  1160 | D:2      | Reached skill level 1 in Slings
  1160 | D:2      | Reached skill level 8 in Stealth
  1336 | D:2      | Reached XP level 4. HP: 22/22 MP: 5/5
  1646 | D:2      | Noticed Robin
  1686 | D:2      | Killed Robin
  2386 | D:3      | Reached skill level 9 in Stealth
  2668 | D:3      | Reached XP level 5. HP: 25/25 MP: 6/6
  3126 | D:3      | Reached skill level 10 in Stealth
  3424 | D:3      | Found a hide-covered altar of Uskayaw.
  3424 | D:3      | Found a stormy altar of Qazlal.
  3438 | D:3      | Found a shimmering altar of Xom.
  3439 | D:3      | Found a burning altar of Makhleb.
  3688 | D:4      | Found Dalurgh's Magic Scroll Emporium.
  3688 | D:4      | Noticed Pikel
  3688 | D:4      | Noticed a slave
  3688 | D:4      | Noticed a slave
  3688 | D:4      | Noticed a slave
  3688 | D:4      | Noticed a slave
  3692 | D:4      | Killed Pikel
  3692 | D:4      | Reached skill level 13 in Stealth
  3692 | D:4      | Reached XP level 6. HP: 27/30 MP: 7/7
  3692 | D:4      | Reached XP level 7. HP: 30/33 MP: 8/8
  3786 | D:4      | Found Wydghi's Book Boutique.
  3786 | D:4      | Noticed Natasha
  4338 | D:4      | Killed Natasha
  4616 | D:4      | Noticed Purgy
  4747 | D:3      | Reached skill level 14 in Stealth
  5544 | D:3      | Killed Purgy
  5544 | D:3      | Reached XP level 8. HP: 10/37 MP: 9/9
  7712 | D:4      | Found Olatz's Jewellery Boutique.
  7765 | D:4      | Noticed Natasha
  7786 | D:4      | Killed Natasha
  7786 | D:4      | Reached skill level 15 in Stealth
  7988 | D:4      | Found a blossoming altar of Fedhas.
  8060 | D:4      | Found a glowing golden altar of the Shining One.
  8072 | D:4      | Found a glowing silver altar of Zin.
  8293 | D:4      | Noticed Natasha
  8306 | D:4      | Killed Natasha
  8476 | D:4      | Found a shadowy altar of Dithmenos.
  8492 | D:4      | Became a worshipper of Dithmenos the Shadowed
  8708 | D:5      | Entered Level 5 of the Dungeon
  9107 | D:5      | Reached skill level 16 in Stealth
  9523 | D:5      | Reached skill level 17 in Stealth
  9703 | D:5      | Noticed Edmund
  9710 | D:5      | Killed Edmund
  9763 | D:5      | Reached XP level 9. HP: 41/41 MP: 10/10
  9952 | D:6      | Reached * piety under Dithmenos
 10213 | D:6      | Reached skill level 18 in Stealth
 10261 | D:6      | Found a sand-covered staircase.
 11190 | D:6      | Found an iron altar of Okawaru.
 11308 | D:6      | Found a hazy altar of Hepliaklqana.
 11684 | D:6      | Reached skill level 19 in Stealth
 12790 | D:6      | HP: 2/41 [poisoned by a worker ant]
 13894 | D:7      | Found a staircase to the Ecumenical Temple.
 13900 | Temple   | Entered the Ecumenical Temple
 14270 | D:7      | Shot with an arrow by a centaur

Skill      XL: |  1  2  3  4  5  6  7  8  9 |
---------------+----------------------------+-----
Stealth        | 6 7 8 9 13 14 17 19 | 19.7
Slings         | 1 |  1.2
Fighting       | |  1.5
Short Blades   | |  2.1
Throwing       | |  2.0
Dodging        | |  1.7

Action                   |  1- 3 |  4- 6 |  7- 9 || total
-------------------------+-------+-------+-------++-------
Melee: Dagger            |    12 |       |    24 ||    36
       Short sword       |    44 |    87 |   474 ||   605
 Fire: Hunting sling     |    31 |       |       ||    31
       Blowgun           |       |    21 |    31 ||    52
Throw: Stone             |       |    12 |     5 ||    17
       Tomahawk          |       |       |    25 ||    25
Evoke: Wand              |       |       |     2 ||     2
  Use: Scroll            |     3 |       |     2 ||     5
       Potion            |       |       |     1 ||     1
 Stab: Sleeping          |    16 |    12 |    28 ||    56
       Distracted        |       |     2 |     9 ||    11
  Eat: Bread ration      |       |       |     2 ||     2
Armor: Robe              |     4 |    11 |    45 ||    60
Dodge: Dodged            |    37 |    50 |   430 ||   517
